 Dungeon Crawl Stone Soup version 0.31-a0-117-g42d8f58691 (webtiles) character file.

Game seed: 1726263101232331741

2344 emiel the Spear-Bearer (level 9, -7/75 HPs)
             Began as a Naga Fighter on May 30, 2023.
             Was an Initiate of Cheibriados.
             Mangled by Erica the komodo dragon (19 damage)
             ... on level 8 of the Dungeon.
             The game lasted 00:11:35 (8598 turns).

emiel the Spear-Bearer (Naga Fighter)               Turns: 8598, Time: 00:11:35

Health: -7/75      AC: 13    Str: 24    XL:     9   Next: 43%
Magic:  9/9        EV:  6    Int:  9    God:    Cheibriados [......]
Gold:   258        SH:  0    Dex: 12    Spells: 8/8 levels left

rFire   . . .        a - +0 trident
rCold   . . .        (no shield)
rNeg    . . .        r - +3 chain mail
rPois   +            w - +1 helmet
rElec   .            (no cloak)
rCorr   .            (no gloves)
SInv    +            (no barding)
Will    ++...        (no amulet) Stlth
                     (no ring)
HPRegen 0.32/turn    (no ring)
MPRegen 0.11/turn

%: no passive effects
@: very slow
A: AC +3, large, see invisible, deformed body, poison resistance, slowness 2,
spit poison 1, naga tail 1, stinger 1, strong-willed 1, wild magic 1
a: Spit Poison, Renounce Religion


You were on level 8 of the Dungeon.
You worshipped Cheibriados.
Cheibriados was noncommittal.
You visited 1 branch of the dungeon, and saw 8 of its levels.

You collected 384 gold pieces.
You spent 126 gold pieces at shops.

Inventory:

Hand Weapons
 a - a +0 trident (weapon)
 z - a +0 halberd
   (You took it off a gnoll on level 6 of the Dungeon)
Armour
 b - a +0 scale mail
 r - a +3 chain mail (worn)
   (You took it off an orc warrior on level 6 of the Dungeon)
 w - a +1 helmet (worn)
   (You found it on level 3 of the Dungeon)
Jewellery
 h - a ring of flight
   (You found it on level 1 of the Dungeon)
Wands
 e - a wand of polymorph (6)
   (You found it on level 6 of the Dungeon)
 y - a wand of flame (19)
   (You took it off Ijyb on level 5 of the Dungeon)
Scrolls
 c - 2 scrolls of noise
 f - a scroll of torment
 i - 2 scrolls of butterflies
 s - 3 scrolls of enchant weapon
 t - 5 scrolls of teleportation
 u - a scroll of amnesia
 v - 3 scrolls of magic mapping
 x - a scroll of fog
Potions
 g - 6 potions of enlightenment
 j - 2 potions of ambrosia
 k - 2 potions of attraction
 n - 2 potions of resistance
 o - a potion of brilliance
 q - 4 potions of curing


   Skills:
 - Level 3.0 Fighting
 * Level 8.4 Polearms
 + Level 5.9 Throwing
 + Level 2.9 Armour
 - Level 2.6 Shields
 - Level 6.0 Evocations


You had 8 spell levels left.
You didn't know any spells.
Your spell library was empty.

Dungeon Overview and Level Annotations

Branches:
Dungeon (8/15)             Temple (0/1) D:7
   Lair: D:8-11

Altars:
Cheibriados
Gozag
Kikubaaqudgha
Makhleb
Nemelex Xobeh
Qazlal
Ru
Wu Jian
Xom

Shops:
D:1 ?

Annotations:
D:8 Erica


Innate Abilities, Weirdness & Mutations

Your serpentine skin is tough. (AC +3)
You have supernaturally acute eyesight. (SInv)
Armour fits poorly on your strangely shaped body.
Your system is resistant to poisons. (rPois)
You cover ground very slowly.
You can spit poison.
You have a snake-like lower body.
Your tail ends in a venomous barb.
You are strong-willed. (Will+)
Your spells are a little harder to cast, but a little more powerful.


Message History

Aiming: Spit Poison (1% risk of failure)
Press: ? - help, Shift-Dir - straight line, f/p - Erica
Aim: Erica the komodo dragon (74% to hit)
The splash of poison hits Erica!
Erica is poisoned.
Erica is moderately wounded.
Erica bites you but does no damage.
Unknown command.
You closely miss Erica.
Erica is moderately wounded.
Unknown command.
You closely miss Erica.
Erica is moderately wounded.
Erica bites you!
Unknown command.
Unknown command.
You puncture Erica!
Erica is heavily wounded.
You have got your breath back.
Erica barely misses you.
Unknown command.
You hit Erica but do no damage.
Erica is heavily wounded.
Erica bites you!
MASSIVE (17) damage taken!
Unknown command.
You hit Erica.
Erica is heavily wounded.
Erica hisses menacingly.
Erica bites you!
* * * LOW HITPOINT WARNING * * *
MASSIVE (16) damage taken!
You hit Erica.
Erica is heavily wounded.
Erica bites you.
* * * LOW HITPOINT WARNING * * *
Unknown command.
You puncture Erica!
Erica is severely wounded.
Erica bites you!!
You die...

#.# #.# #.##.#
.# #!##.##.
#...... #.##..#
#... #l##.<# .
..#
#@##..####..
...
#...........
...
#...........
#.#
####..######
#.# #..#
#####.#
#..######......
#.........###.#
#.######### #.#
#.# #.#


You could see Erica the komodo dragon (poisoned).

Vanquished Creatures
  Eustachio (D:4)
  A steam dragon (D:8)
  Duvessa (D:5)
  A water moccasin (D:7)
  2 black bears (D:6)
  2 ice beasts
  An orc warrior (D:6)
  3 kobold brigands
  3 scorpions (D:6)
  A bullfrog (D:4)
  Dowan (D:5)
  5 killer bees (D:7)
  2 howler monkeys
  2 electric eels (D:6)
  An orc priest (D:4)
  2 hounds
  An iguana (D:5)
  A sleepcap (D:6)
  Ijyb (D:5)
  Terence (D:2)
  4 orc wizards
  4 gnolls (D:6)
  8 adders
  A shadow imp (D:6)
  A worm (D:2)
  4 dart slugs
  17 orcs
  3 ball pythons
  4 endoplasms
  3 giant cockroaches
  6 goblins
  9 hobgoblins
  4 jackals (D:3)
  3 quokkas
  6 bats
  6 frilled lizards
  14 kobolds
  6 rats
136 creatures vanquished.

Notes
Turn   | Place    | Note
-------+----------+-------------------------------------------
     0 | D:1      | emiel the Naga Fighter began the quest for the Orb.
     0 | D:1      | Reached XP level 1. HP: 21/21 MP: 1/1
    44 | D:1      | Found Riefal's Magic Scroll Emporium.
    61 | D:1      | HP: 1/21 [hobgoblin (4)]
    68 | D:1      | Reached XP level 2. HP: 9/28 MP: 2/2
   286 | D:1      | Reached skill level 3 in Polearms
   612 | D:1      | Bought 2 scrolls of identify for 56 gold pieces
   612 | D:1      | Bought a scroll of noise for 14 gold pieces
   625 | D:2      | Found a faded altar of an unknown god.
   638 | D:2      | Noticed Terence
   646 | D:2      | HP: 1/28 [Terence/+0 flail (11)]
   647 | D:2      | Killed Terence
   648 | D:2      | Reached XP level 3. HP: 1/34 MP: 3/3
   655 | D:2      | Reached skill level 4 in Polearms
  1070 | D:2      | Reached XP level 4. HP: 42/42 MP: 4/4
  1465 | D:2      | Identified the +1 robe of Zin's Condemnation {*Corrode
                  | rElec Str+2 Dex+3}
  1582 | D:1      | Bought a scroll of fear for 56 gold pieces
  1704 | D:3      | You fall into a shaft and drop 2 floors!
  1704 | D:5      | Entered Level 5 of the Dungeon
  1704 | D:5      | Found a stormy altar of Qazlal.
  1774 | D:5      | Noticed Dowan
  1775 | D:5      | Noticed Duvessa
  1835 | D:5      | Reached skill level 1 in Throwing
  1968 | D:5      | Reached XP level 5. HP: 49/49 MP: 5/5
  2037 | D:5      | Found a sparkling altar of Nemelex Xobeh.
  2048 | D:5      | Noticed Ijyb
  2069 | D:5      | Killed Ijyb
  2070 | D:5      | Reached skill level 5 in Polearms
  2212 | D:5      | Killed Duvessa
  2213 | D:5      | Reached skill level 1 in Evocations
  2213 | D:5      | Reached XP level 6. HP: 56/56 MP: 6/6
  2235 | D:5      | Killed Dowan
  2487 | D:5      | Noticed an ice beast
  2492 | D:5      | Killed an ice beast
  2493 | D:5      | Reached XP level 7. HP: 62/62 MP: 7/7
  2961 | D:3      | Found an opulent altar of Gozag.
  3490 | D:4      | Reached skill level 6 in Polearms
  3628 | D:4      | Noticed Eustachio
  3656 | D:4      | HP: 4/93 [river rat[Eustachio] (3)]
  3661 | D:4      | HP: 1/93 [iron imp[Eustachio] (2)]
  3666 | D:4      | Killed Eustachio
  4023 | D:4      | Reached XP level 8. HP: 46/69 MP: 8/8
  4352 | D:4      | Found a shimmering altar of Xom.
  4353 | D:4      | Found a shimmering altar of Xom.
  4353 | D:4      | Found a shimmering altar of Xom.
  4363 | D:4      | Found a shimmering altar of Xom.
  4364 | D:4      | Found a shimmering altar of Xom.
  4364 | D:4      | Found a shimmering altar of Xom.
  4366 | D:4      | Found a shimmering altar of Xom.
  4983 | D:5      | Found an ornate altar of the Wu Jian Council.
  5798 | D:6      | Found a sacrificial altar of Ru.
  5840 | D:6      | Reached skill level 7 in Polearms
  6220 | D:6      | Reached skill level 5 in Throwing
  6220 | D:6      | Reached skill level 5 in Evocations
  6947 | D:6      | Found a snail-covered altar of Cheibriados.
  6947 | D:6      | Found an ancient bone altar of Kikubaaqudgha.
  6952 | D:6      | Became a worshipper of Cheibriados the Contemplative
  7047 | D:7      | Found a burning altar of Makhleb.
  7056 | D:7      | Reached XP level 9. HP: 29/75 MP: 9/9
  7781 | D:7      | Found a staircase to the Ecumenical Temple.
  7853 | D:7      | Reached skill level 8 in Polearms
  7869 | D:7      | Gained mutation: Your tail ends in a venomous barb. [potion
                  | of mutation]
  7869 | D:7      | Gained mutation: You are strong-willed. (Will+) [potion of
                  | mutation]
  7869 | D:7      | Gained mutation: Your spells are a little harder to cast,
                  | but a little more powerful. [potion of mutation]
  8588 | D:8      | Noticed Erica
  8590 | D:8      | Erica changed into Erica the komodo dragon
  8590 | D:8      | Noticed Erica
  8598 | D:8      | Mangled by Erica the komodo dragon

Illustrated notes

Levels and vault maps discovered:
D:1:      amcnicky_arrival_feature_with_door, layout_rooms, serial_shops,
          nicolae_shop_stone
D:2:      wad_lake_hut, layout_basic, ebering_ecumenical_altar_abandoned,
          minmay_misc_feat_rugged, hangedman_decor_clover_reticule, uniq_terence
D:3:      layout_basic, nicolae_gozag_cash_rules_everything_around_me
D:4:      layout_basic, xom_redecorated, kennysheep_generic_room_13,
          uniq_eustachio
D:5:      layout_layer_cave, mainiacjoe_overflow_24_doors,
          nemelex_spade_bored_becter, nzn_wu_jian_contemplation, uniq_duvessa,
          uniq_ijyb
D:6:      layout_basic, nicolae_overflow_two_pavilions,
          nicolae_ru_great_annihilating_truth
D:7:      lemuel_insect_pit, layout_rooms, overflow_temple_1_default,
          amethyst_overflow_temple_binary, minmay_temple_entry_glass
D:8:      nicolae_moon_pools, layout_loops_ring, uniq_maurice, uniq_erica,
          uniq_grum

Skill      XL: |  1  2  3  4  5  6  7  8  9 |
---------------+----------------------------+-----
Polearms       | 3 4 5 6 7 8 |  8.4
Throwing       | 1 2 4 5 |  5.9
Evocations     | 1 2 3 5 6 |  6.0
Fighting       | |  3.0
Armour         | |  2.9
Shields        | |  2.6

Action                     |  1- 3 |  4- 6 |  7- 9 || total
---------------------------+-------+-------+-------++-------
  Melee: Trident           |    85 |    92 |   428 ||   605
         Punch             |       |       |     8 ||     8
  Throw: Javelin           |       |       |    12 ||    12
         Dart              |       |       |     1 ||     1
Ability: Spit Poison       |     5 |     9 |    13 ||    27
  Evoke: Wand              |       |     3 |    10 ||    13
    Use: Potion            |     3 |     1 |     7 ||    11
         Scroll            |     4 |     3 |    11 ||    18
   Stab: Paralysed         |       |       |     1 ||     1
 Armour: Scale mail        |    18 |    33 |   151 ||   202
         Skin              |       |    24 |    83 ||   107
         Chain mail        |       |       |    51 ||    51
  Dodge: Dodged            |    31 |    20 |   135 ||   186

Table legend: (Time is in decaauts)
 A = Elapsed time spent in this place.
 B = Non-inter-level travel time spent in this place.
 C = Inter-level travel time spent in this place.
 D = Time resting spent in this place.
 E = Time spent auto-exploring this place.
 F = Levels seen in this place.
 G = Mean time per level.
                   A        B        C        D        E       F      G
               +--------+--------+--------+--------+--------+-----+--------+
         Total |  10391 |  10036 |    355 |   3550 |   5183 |   8 | 1298.9 |
       Dungeon |  10391 |  10036 |    355 |   3550 |   5183 |   8 | 1298.9 |
               +--------+--------+--------+--------+--------+-----+--------+

Top non-repeatable levels by time:
     D:6: 2576 daAuts
     D:4: 1824 daAuts
     D:5: 1759 daAuts
     D:2: 1190 daAuts
     D:3: 1069 daAuts
     D:1: 811 daAuts
     D:8: 668 daAuts
     D:7: 490 daAuts
